 Dungeon Crawl Stone Soup version 0.19-a0-1268-g6c5d9f8 (webtiles) character file.

624 Loading the Covered (level 7, -2/54 HPs)
             Began as a Minotaur Fighter on Aug 29, 2016.
             Was an Initiate of Hepliaklqana.
             Slain by Menkaure (6 damage)
             ... on level 4 of the Dungeon.
             The game lasted 00:08:33 (3122 turns).

Loading the Covered (Minotaur Fighter)              Turns: 3122, Time: 00:08:34

Health: -2/54      AC:  8    Str: 20    XL:     7   Next: 22%
Magic:  6/6        EV:  9    Int:  5    God:    Hepliaklqana [......]
Gold:   169        SH: 10    Dex: 12    Spells: 0 memorised, 6 levels left

rFire  . . .     SeeInvis .     a - +0 flail
rCold  . . .     Gourm    .     b - +0 scale mail
rNeg   . . .     Faith    .     c - +0 shield
rPois  .         Spirit   .     (helmet restricted)
rElec  .         Dismiss  .     (no cloak)
rCorr  .         Reflect  .     n - +0 pair of gloves
MR     .....     Harm     .     (no boots)
Stlth  ..........               (no amulet)
                                (no ring)
                                (no ring)

@: no status effects
A: retaliatory headbutt, horns 2
a: Recall Ancestor, Ancestor Identity, Renounce Religion


You were on level 4 of the Dungeon.
You worshipped Hepliaklqana.
Hepliaklqana was noncommittal.
You were not hungry.

You visited 1 branch of the dungeon, and saw 4 of its levels.
You also visited: Sewer.

You collected 169 gold pieces.

Inventory:

Hand Weapons
 a - a +0 flail (weapon)
Armour
 b - a +0 scale mail (worn)
 c - a +0 shield (worn)
 n - a +0 pair of gloves (worn)
Wands
 v - a wand of random effects (27/48)
Scrolls
 e - 2 scrolls of identify
 g - a scroll of noise {unknown}
 j - 2 scrolls of teleportation {unknown}
 k - 3 scrolls of recharging {unknown}
 l - a scroll of random uselessness {unknown}
 m - 2 scrolls of remove curse {unknown}
Potions
 d - 2 potions of curing
 h - 2 potions of flight
 p - a potion of haste {unknown}
 q - a potion of agility {unknown}
 s - a potion of magic {unknown}
 t - a potion of brilliance {unknown}
 u - 2 potions of lignification {unknown}
Comestibles
 f - 3 bread rations
 i - a meat ration
 o - 7 chunks of flesh
 r - a slice of pizza


   Skills:
 + Level 4.8 Fighting
 + Level 4.0 Maces & Flails
 + Level 6.3 Armour
 + Level 3.4 Dodging
 + Level 6.0 Shields


You had 6 spell levels left.
You didn't know any spells.

Dungeon Overview and Level Annotations

Branches:
Dungeon (4/15)
 Temple: D:4-7

Altars:
Gozag
Hepliaklqana
Makhleb
Okawaru
Qazlal
Vehumet
Xom

Annotations:
D:4 Menkaure


Innate Abilities, Weirdness & Mutations

You reflexively headbutt those who attack you in melee.
You have a pair of horns on your head.


Message History

Your body is wracked with pain!
The adder convulses!
The adder bites you but does no damage.
Your shield prevents you from hitting Menkaure.
Menkaure is heavily damaged.
You block Menkaure's attack. The adder bites you.
Spork closely misses the adder.
Menkaure whispers a few words.
You block Menkaure's attack. You block the adder's attack.
Spork misses the adder.
You hit Menkaure but do no damage. Your headbutt misses Menkaure.
Menkaure is heavily damaged.
You block the adder's attack. Menkaure hits you!
* * * LOW HITPOINT WARNING * * *
Spork hits the adder.
Unknown command.
You hit Menkaure but do no damage.
You headbutt Menkaure, but do no damage.
Menkaure is heavily damaged.
You block the adder's attack. Menkaure hits you.
You die...

+# #.### ....#
##.#.# # ##....#
.###.##M....#
.......@S...#####
.###.#...R.......
#...<#.####
####.# # ...
##.## ... ...
#.##


You could see the friendly Spork the ancestor, Menkaure and an adder.

Vanquished Creatures
  Sigmund (D:3)
  A big kobold (Sewer)
  A crimson imp (D:3)
  Natasha (thrice) (D:3)
  5 gnolls (D:3)
  10 adders
  2 river rats
  2 oozes
  A worm (D:2)
  2 orcs (D:3)
  A ball python (D:3)
  3 giant cockroaches
  6 goblins
  7 hobgoblins
  4 jackals
  9 kobolds
  A quokka (D:3)
  6 bats
  3 giant newts
  10 rats
78 creatures vanquished.

Vanquished Creatures (collateral kills)
  An orc wizard (D:3)
  A worm (D:3)
  A giant gecko (D:3)
  An orc (D:3)
  A giant cockroach (D:3)
  A goblin (D:3)
  A jackal (D:3)
  3 kobolds
  A giant newt (D:3)
  A rat (D:3)
12 creatures vanquished.

Vanquished Creatures (others)
  3 ancestors
3 creatures vanquished.

Grand Total: 93 creatures vanquished

Notes
Turn   | Place    | Note
-------+----------+-------------------------------------------
     0 | D:1      | Loading the Minotaur Fighter began the quest for the Orb.
     0 | D:1      | Reached XP level 1. HP: 19/19 MP: 0/0
   331 | D:1      | Reached XP level 2. HP: 22/27 MP: 1/1
   794 | D:2      | Reached XP level 3. HP: 31/33 MP: 2/2
   925 | D:2      | Found an opulent altar of Gozag.
   995 | D:2      | Reached skill level 1 in Dodging
  1073 | D:2      | Reached XP level 4. HP: 40/40 MP: 3/3
  1177 | D:2      | Found a shimmering altar of Xom.
  1178 | D:2      | Found a hazy altar of Hepliaklqana.
  1178 | D:2      | Noticed a yak
  1179 | D:2      | Noticed a spectral ugly thing
  1179 | D:2      | Noticed a yak
  1182 | D:2      | Became a worshipper of Hepliaklqana
  1366 | D:3      | Found a glowing drain.
  1377 | D:3      | Noticed Sigmund
  1415 | Sewer    | Entered a sewer
  1718 | Sewer    | Noticed a big kobold
  1750 | Sewer    | Killed a big kobold
  1750 | Sewer    | Reached skill level 5 in Armour
  1750 | Sewer    | Reached XP level 5. HP: 20/42 MP: 4/4
  1952 | Sewer    | Found a white marble altar of Elyvilon.
  2028 | D:3      | Killed Sigmund
  2028 | D:3      | Reached skill level 5 in Shields
  2028 | D:3      | Reached XP level 6. HP: 32/47 MP: 5/5
  2203 | D:3      | Found a burning altar of Makhleb.
  2203 | D:3      | Found a radiant altar of Vehumet.
  2251 | D:3      | Found a stormy altar of Qazlal.
  2310 | D:3      | Noticed Natasha
  2339 | D:3      | Killed Natasha
  2339 | D:3      | Reached XP level 7. HP: 10/54 MP: 6/6
  2799 | D:3      | Noticed Natasha
  2807 | D:3      | Killed Natasha
  2946 | D:3      | Found an iron altar of Okawaru.
  3078 | D:3      | Noticed Natasha
  3081 | D:3      | Killed Natasha
  3114 | D:4      | Noticed Menkaure
  3122 | D:4      | Slain by Menkaure

Vault maps used:
D:1:      minmay_arrival_stone_box, serial_bayou_pond_b
D:2:      lemuel_upstairs_altar, regret_index_temple_of_mockery,
          marbit_many_paths, first_bread, minmay_misc_feat_four_crosses
D:3:      grunt_temple_overflow_lords_of_destruction, okawaru_altar_gauntlet_db,
          nicolae_overflow_hidden_temple, portal_sewer_entry_b, uniq_natasha,
          uniq_sigmund
D:4:      uniq_menkaure
Sewer:    sewer_kobolds

Skill      XL: |  1  2  3  4  5  6  7 |
---------------+----------------------+-----
Armour         | 4 5 6 |  6.3
Fighting       | 4 |  4.8
Shields        | 4 5 6 |  6.0
Dodging        | 1 2 3 |  3.4
Maces & Flails | 3 4 |  4.0

Action                   |  1- 3 |  4- 6 |  7- 9 || total
-------------------------+-------+-------+-------++-------
Melee: Flail             |    79 |   135 |    35 ||   249
       Headbutt          |    13 |    20 |     7 ||    40
Invok: Ancestor Identity |       |     1 |       ||     1
  Use: Potion            |       |     2 |       ||     2
       Scroll            |       |     1 |       ||     1
  Eat: Chunk             |     1 |     2 |     2 ||     5
       Beef jerky        |       |     1 |       ||     1
       Pizza             |       |       |     1 ||     1
Armor: Scale mail        |    37 |    55 |    13 ||   105
Dodge: Dodged            |    17 |    58 |    12 ||    87
Block: Shield            |    40 |    85 |    34 ||   159
